 Dungeon Crawl Stone Soup version 0.21-a0-426-g98080a9 (webtiles) character file.

52 mhoghedin the Vexing (level 3, 2/14 HPs)
             Began as a Felid Enchanter on Nov 7, 2017.
             Quit the game on level 3 of the Dungeon.
             The game lasted 00:12:51 (4030 turns).

mhoghedin the Vexing (Felid Enchanter)              Turns: 4030, Time: 00:12:51

Health: 2/14       AC:  1    Str:  4    XL:     3   Next: 60%
Magic:  4/7        EV: 19    Int: 17    God:
Gold:   104        SH:  0    Dex: 16    Spells: 0/6 levels left
                                        Lives:  0   Deaths: 1

rFire    . . .     SeeInvis +     - Unarmed
rCold    . . .     Gourm    .   (shield unavailable)
rNeg     . . .     Faith    .   (armour unavailable)
rPois    .         Spirit   .   (helmet unavailable)
rElec    .         Reflect  .   (cloak unavailable)
rCorr    .         Harm     .   (gloves unavailable)
MR       .....                  (boots unavailable)
Stlth    +++.......             (no amulet)
HPRegen  0.04/turn              (no ring)
MPRegen  0.10/turn              (no ring)

@: quick
A: no armour, no weapons or thrown items, stealth, claws 1, fangs 3, see
invisible, carnivore 3, speed 1, shaggy fur 1, slow metabolism 1, sharp paws
a: no special abilities


You were on level 3 of the Dungeon.
You were not hungry.

You visited 1 branch of the dungeon, and saw 3 of its levels.

You collected 104 gold pieces.

Inventory:

Scrolls
 c - 2 scrolls of identify {unknown}
 d - 2 scrolls of magic mapping {unknown}
 e - a scroll of noise {unknown}
 f - 2 scrolls of teleportation {unknown}
Potions
 g - a potion of degeneration {unknown}
 i - a potion of lignification {unknown}
Books
 a - a book of Maledictions
Comestibles
 b - a meat ration {@e2}


   Skills:
 - Level 4.1 Dodging
 + Level 5.3 Stealth
 + Level 1.5 Unarmed Combat
 - Level 2.0 Spellcasting
 - Level 5.7 Hexes


You couldn't memorise any spells.
You knew the following spells:

 Your Spells              Type           Power        Failure   Level  Hunger
a - Ensorcelled Hibernat  Hex/Ice        ##....       9%          2    ###....
c - Confuse               Hex            ###.....     5%          3    ###....
v - Corona                Hex            ###....      1%          1    #......


Dungeon Overview and Level Annotations

Branches:
Dungeon (3/15)

Altars:

Annotations:
D:1 1 exclusion


Innate Abilities, Weirdness & Mutations

You cannot wear armour.
You are incapable of wielding weapons or throwing items.
Your paws allow you to move quietly. (Stealth)
You have sharp claws.
You have razor-sharp teeth.
You have supernaturally acute eyesight. (SInv)
You are carnivorous and can eat meat at any time.
You cover ground quickly.
You are covered in fur. (AC +1)
You have a slow metabolism.
Your sharp claws are effective at attacking unaware monsters.


Message History

You now have 6/8 mp.
Aim: an ogre, wielding a giant club (chance to defeat MR: 42%)
The ogre looks drowsy...
A giant cockroach comes into view.
You now have 4/8 mp.
The helpless ogre fails to defend itself.
You claw the ogre!
The orc shouts!
You bite the ogre.
You hear an angry hiss.
The ogre hits you with a giant club!!
Ouch! That really hurt!
You die...
You are now level 3!
You rejoin the land of the living...
You take 4 damage, and have 14/14 hp.
MASSIVE DAMAGE!!
MP restored: 7 Unknown command.
You see here a rat corpse.
There isn't anything here!
Unknown command.
There is a stone staircase leading up here.
A frilled lizard comes into view.
The frilled lizard hisses angrily.
The frilled lizard bites you.
You take 2 damage, and have 12/14 hp.
You barely miss the frilled lizard. The frilled lizard misses you.
You scratch the frilled lizard.
You kill the frilled lizard!
Aim: an ogre, wielding a +0 giant club (heavily wounded, chance to defeat MR: 42%)
The ogre resists with some effort.
You now have 5/7 mp.
Aim: an ogre, wielding a +0 giant club (heavily wounded, chance to defeat MR: 42%)
The ogre resists with some effort.
You now have 3/7 mp.
Aim: an ogre, wielding a +0 giant club (heavily wounded, chance to defeat MR: 42%)
The ogre resists with some effort.
The ogre misses you.
You now have 1/7 mp.
You see here a frilled lizard corpse.
Aim: an ogre, wielding a +0 giant club (heavily wounded, chance to defeat MR: 42%)
The ogre resists with some effort.
You now have 0/7 mp.
The orc shouts!
You scratch the orc. Your bite misses the orc. The orc closely misses you.
The orc closely misses you.
You see here a rat corpse.
You butcher the rat corpse.
You see here a chunk of flesh {@w0}.
You scratch the orc but do no damage. The orc hits you with a flail.
You take 4 damage, and have 9/14 hp.
MASSIVE DAMAGE!!
You barely miss the orc. You bite the orc. The orc closely misses you.
There is a stone staircase leading up here.
You climb upwards.
There is a stone staircase leading down here.
You start resting.
Eating a chunk of flesh {@w0}.
You eat the chunk of flesh {@w0}.
This raw flesh tastes great.
Health restored: 14; MP restored: 7
There is a stone staircase leading down here.
You climb downwards.
A jackal comes into view.
There is a stone staircase leading up here.
The jackal barks!
You closely miss the jackal. The jackal barely misses you.
The jackal completely misses you. The jackal bites you.
The jackal closely misses you.
You take 3 damage, and have 11/14 hp.
MASSIVE DAMAGE!!
There is a stone staircase leading up here.
You miss the jackal. The jackal bites you.
A rat comes into view.
You take 3 damage, and have 8/14 hp.
MASSIVE DAMAGE!!
Aim: a jackal (chance to defeat MR: 68%)
The jackal struggles to resist.
The jackal misses you. The jackal completely misses you.
You now have 4/7 mp.
You are too injured to fight recklessly!
You are too injured to fight recklessly!
You are too injured to fight recklessly!
You scratch the jackal but do no damage.
The jackal pauses to sniff the ground.
The jackal misses you. The jackal bites you. The jackal barely misses you.
You take 2 damage, and have 6/14 hp.
You scratch the jackal. Your bite misses the jackal. The jackal misses you.
The jackal bites you.
* * * LOW HITPOINT WARNING * * *
The jackal misses you.
You take 2 damage, and have 4/14 hp.
You closely miss the jackal. The jackal closely misses you.
The jackal misses you.
You scratch the jackal but do no damage.
You bite the jackal. The jackal completely misses you. The jackal bites you.
* * * LOW HITPOINT WARNING * * *
The jackal closely misses you.
You take 2 damage, and have 2/14 hp.
Unknown command.
Unknown command.
Unknown command.

################
......(h@.......
.......h########
......r..#
.>.......#
.........#
.........#
.........#
.........#
.......... ##


You could see 2 jackals and a rat.

Vanquished Creatures
  3 adders (D:2)
  3 oozes
  2 dart slugs (D:1)
  2 leopard geckos (D:2)
  A giant cockroach (D:1)
  5 goblins
  12 hobgoblins
  6 jackals
  A quokka (D:2)
  A ball python (D:2)
  10 bats
  5 frilled lizards
  3 kobolds
  6 rats
60 creatures vanquished.

Notes
Turn   | Place    | Note
-------+----------+-------------------------------------------
     0 | D:1      | mhoghedin the Felid Enchanter began the quest for the Orb.
     0 | D:1      | Reached XP level 1. HP: 7/7 MP: 4/4
   399 | D:1      | Reached skill level 3 in Dodging
   399 | D:1      | Reached XP level 2. HP: 5/11 MP: 4/6
   401 | D:1      | HP: 2/11 [hobgoblin/club (3)]
   409 | D:1      | Learned a level 2 spell: Ensorcelled Hibernation
  1335 | D:1      | Reached skill level 5 in Hexes
  1368 | D:1      | Reached XP level 3. HP: 7/14 MP: 5/7
  1566 | D:1      | Learned a level 3 spell: Confuse
  2640 | D:2      | Reached skill level 5 in Stealth
  2774 | D:2      | Reached XP level 4. HP: 18/18 MP: 8/8
  3121 | D:2      | Reached skill level 4 in Dodging
  3333 | D:3      | Noticed an ogre
  3414 | D:2      | HP: 4/18 [rat (3)]
  3819 | D:3      | Demolished by an ogre
  3820 | D:3      | Reached XP level 3. HP: -16/14 MP: 4/7
  4029 | D:3      | HP: 2/14 [jackal (2)]
  4030 | D:3      | Quit the game

Vault maps used:
D:1:      tarquinn_simple_flora_water_e
D:3:      first_bread, kennysheep_generic_room_14

Skill      XL: |  1  2  3  4 |
---------------+-------------+-----
Dodging        | 3 4 |  4.1
Hexes          | 5 |  5.7
Stealth        | 5 |  5.3
Unarmed Combat | |  1.5
Spellcasting   | |  2.0

Action                   |  1- 3 |  4- 6 || total
-------------------------+-------+-------++-------
Melee: Unarmed           |   135 |    52 ||   187
       Bite              |     6 |     6 ||    12
       Punch             |     1 |     1 ||     2
 Cast: Corona            |    15 |     1 ||    16
       Ensorcelled Hiber |    28 |    11 ||    39
       Confuse           |     1 |       ||     1
 Stab: Sleeping          |    26 |     9 ||    35
       Distracted        |       |     1 ||     1
  Eat: Chunk             |    14 |     3 ||    17
Armor: Skin              |    10 |     2 ||    12
Dodge: Dodged            |   175 |    47 ||   222

Table legend:
 A = Spawn XP
 B = Non-spawn XP
 C = Spawn XP percentage of total XP
 D = Spawn monster count
 E = Non-spawn monster count
 F = Spawn count percentage of total count
 G = Total turns spent on level
                    A         B        C        D         E        F      G
               +---------+---------+-------+---------+---------+-------+---------
         Total |       0 |     157 |   0.0 |       0 |      60 |   0.0 |  4030
               +---------+---------+-------+---------+---------+-------+---------
           D:1 |       0 |      65 |   0.0 |       0 |      31 |   0.0 |  2274
           D:2 |       0 |      77 |   0.0 |       0 |      22 |   0.0 |  1543
           D:3 |       0 |      15 |   0.0 |       0 |       7 |   0.0 |   213
               +---------+---------+-------+---------+---------+-------+---------

Vault maps used:
D:1:      tarquinn_simple_flora_water_e
D:3:      first_bread, kennysheep_generic_room_14

Table legend:
 A = Turns spent in this place as a percentage of turns spent in the entire game.
 B = Non-inter-level travel turns spent in this place as a percentage of non-inter-level travel turns spent in the entire game.
 C = Inter-level travel turns spent in this place as a percentage of turns spent in this place.
 D = Turns resting spent in this place as a percentage of non-inter-level travel turns spent in this place.
 E = Turns spent auto-exploring this place as a percentage of non-inter-level travel turns spent in this place.
 F = Non-inter-level travel turns spent in this place divided by the number of levels of this place that you've seen.
                   A       B       C       D       E      F
               +-------+-------+-------+-------+-------+----------------------
         Total | 100.0 | 100.0 |   3.5 |  50.6 |  24.7 | 1296.7
       Dungeon | 100.0 | 100.0 |   3.5 |  50.6 |  24.7 | 1296.7
               +-------+-------+-------+-------+-------+----------------------

Table legend:
 A = Kills in this place as a percentage of kills in entire the game.
 B = Kills by you in this place as a percentage of kills by you in the entire game.
 C = Kills by friends in this place as a percentage of kills by friends in the entire game.
 D = Other kills in this place as a percentage of other kills in the entire game.
 E = Experience gained in this place as a percentage of experience gained in the entire game.
 F = Experience gained in this place divided by the number of levels of this place that you have seen.
                   A       B       C       D       E      F
               +-------+-------+-------+-------+-------+----------------------
         Total | 100.0 | 100.0 |   N/A |   N/A | 100.0 |  52.3
       Dungeon | 100.0 | 100.0 |   N/A |   N/A | 100.0 |  52.3
               +-------+-------+-------+-------+-------+----------------------
